 Dungeon Crawl Stone Soup version 0.29-a0-553-g81b289dbe5 (webtiles) character file.

Game seed: 6334405851575934945

11261 Patoropollo the Cleaver (level 11, -33/103 HPs)
             Began as a Hill Orc Fighter on June 7, 2022.
             Was an Elder of Beogh.
             Annihilated by an ice devil (34 damage)
             ... in an ice cave.
             The game lasted 00:21:04 (8980 turns).

Patoropollo the Cleaver (Hill Orc Fighter)          Turns: 8980, Time: 00:21:05

Health: -33/103    AC: 22    Str: 24    XL:     11   Next: 75%
Magic:  11/11      EV: 11    Int:  8    God:    Beogh [****..]
Gold:   1106       SH:  6    Dex: 12    Spells: 10/10 levels left

rFire   + + .      SeeInvis .   C - +7 hand axe
rCold   x . .      Faith    .   c - +0 buckler
rNeg    . . .      Spirit   .   s - +0 plate armour
rPois   .          Reflect  .   (no helmet)
rElec   .          Harm     .   n - +0 cloak
rCorr   .          Rampage  .   r - +1 pair of gloves
Will    .....                   j - +2 pair of boots
Stlth   ..........              q - amulet of regeneration
HPRegen 1.07/turn               A - ring of fire
MPRegen 0.12/turn               w - ring of Pyfiorogg {rF+ EV+4 Dex+2 Slay+3}

@: mighty
A: no striking features
a: Renounce Religion, Smiting, Recall Orcish Followers


You were in an ice cave.
You worshipped Beogh.
Beogh was greatly pleased with you.
You visited 1 branch of the dungeon, and saw 11 of its levels.
You also visited: Sewer and Ice Cave.

You collected 1106 gold pieces.

Inventory:

Hand Weapons
 a - a +4 war axe
 C - a +7 hand axe (weapon)
 E - a +4 scimitar of flaming
Missiles
 t - a throwing net (quivered)
Armour
 c - a +0 buckler (worn)
 j - a +2 pair of boots (worn)
 n - a +0 cloak (worn)
 r - a +1 pair of gloves (worn)
 s - a +0 plate armour (worn)
Jewellery
 m - a ring of poison resistance
 p - a ring of resist corrosion
 q - an amulet of regeneration (around neck)
 w - the ring of Pyfiorogg (right hand) {rF+ EV+4 Dex+2 Slay+3}
   (You found it on level 5 of the Dungeon)

   [ring of evasion]

   EV:        It affects your evasion (+4).
   Dex:       It affects your dexterity (+2).
   Slay:      It affects your accuracy & damage with ranged weapons and melee
   (+3).
   rF:        It protects you from fire.
 A - a ring of fire (left hand)
 B - an amulet of faith
 D - a ring of magical power
 F - a +4 ring of evasion
Wands
 u - a wand of flame (9)
 v - a wand of digging (1)
 J - a wand of charming (2)
Scrolls
 b - 2 scrolls of fear
 i - 4 scrolls of noise
 k - 4 scrolls of identify
 o - 7 scrolls of teleportation
 y - a scroll of blinking
Potions
 d - 2 potions of might
 e - 2 potions of lignification
 f - 8 potions of curing
 g - a potion of berserk rage
 h - 2 potions of invisibility
 l - 2 potions of magic
 x - 7 potions of heal wounds
 z - a potion of attraction
 G - a potion of brilliance
 I - a potion of resistance
 K - a potion of mutation


   Skills:
 + Level 11.6 Fighting
 + Level 12.2 Axes
 + Level 10.6 Armour
 + Level 10.6 Shields


You had 10 spell levels left.
You didn't know any spells.
Your spell library contained the following spells:

 Spells                   Type           Power      Damage    Failure   Level
 Sting                    Tmut/Pois      0%         1d3       99%         1
 Summon Small Mammal      Summ           0%         N/A       99%         1
 Poisonous Vapours        Pois/Air       0%         N/A       100%        2
 Call Canine Familiar     Summ           0%         N/A       100%        3
 Summon Guardian Golem    Hex/Summ       0%         N/A       100%        3
 Olgreb's Toxic Radiance  Pois           0%         N/A       100%        4


Dungeon Overview and Level Annotations

Branches:
Dungeon (11/15)            Temple (0/1) D:7            Lair (0/6) D:9
    Orc (0/2) D:9           Sewer (visited)           IceCv (1/1)

Altars:
Ashenzari
Cheibriados
Dithmenos
Elyvilon
Hepliaklqana
Kikubaaqudgha
Makhleb
Qazlal
Sif Muna
Trog
Wu Jian
Xom
Zin
The Shining One

Shops:
D:1 *   D:4 ((

Annotations:
D:9 2 transporters, brmiller01's ghost, novice TrBe
D:11 pokeman's ghost, journeyman DEWz


Message History

You barely miss the ice devil. You hit the ice devil. The ice devil hits you.
The ice devil freezes you!
You feel a terrible chill! You block the ice devil's attack.
You slash the ice devil!
The ice devil is moderately wounded.
You hit the ice devil.
Unknown command.
You hit the ice devil.
The ice devil is moderately wounded.
You hit the ice devil but do no damage. The ice devil closely misses you.
The ice devil hits you. The ice devil freezes you!!
You feel a terrible chill!
You are too injured to fight recklessly!
Unknown command.
You feel very mighty all of a sudden.
The ice devil hits you but does no damage.
The ice devil misses you.
You are too injured to fight recklessly!
You are too injured to fight recklessly!
You closely miss the ice devil.
The ice devil is moderately wounded.
You hit the ice devil. The ice devil barely misses you.
You block the ice devil's attack.
You hit the ice devil.
The ice devil is moderately wounded.
You hit the ice devil. The ice devil closely misses you.
You block the ice devil's attack.
Unknown command.
You hit the ice devil.
The ice devil is heavily wounded.
You hit the ice devil. You slash the ice devil!
The ice devil is severely wounded.
You hit the ice devil. The ice devil hits you!
* * * LOW HITPOINT WARNING * * *
The ice devil freezes you!
You feel a terrible chill!
* * * LOW HITPOINT WARNING * * *
The ice devil hits you!
* * * LOW HITPOINT WARNING * * *
The ice devil freezes you!!
You feel a terrible chill!
You die...

.....# #.......#
.......# ......#
.....# .....##
##4Z...# ##@4# #.#○###
#.☼○.§### # #§§○§§§§#
.# #####.§§○§## ..#
##..###§#§§## Z...
##....#####○§## .....
#.......##...§##......
#.∩.∩.......#.........


You could see 2 ice devils and a two-headed ogre simulacrum.

Vanquished Creatures
  A boulder beetle (D:7)
  A two-headed ogre (D:9)
  Pikel (D:5)
  A deep elf pyromancer (D:7)
  A gargoyle (D:7)
  A komodo dragon (D:9)
  An efreet (D:9)
  An ice devil (D:11)
  A troll (D:7)
  A hornet (D:9)
  Sigmund (D:2)
  2 wyverns
  9 yaks
  3 steam dragons (D:7)
  A death yak simulacrum (IceCv)
  2 water moccasins (D:9)
  Duvessa (D:5)
  A sky beast (D:7)
  An ice beast (D:7)
  A black bear (D:9)
  An ogre (D:7)
  3 centaurs
  A lemure (D:5)
  A phantom (D:7)
  2 kobold brigands
  4 bullfrogs
  2 necrophages
  A gnoll sergeant (D:10)
  2 scorpions (D:5)
  A cane toad simulacrum (IceCv)
  12 wights
  Dowan (D:5)
  3 elephant simulacra (IceCv)
  6 killer bees
  6 howler monkeys
  2 hounds
  A jelly (D:6)
  2 orc priests (D:6)
  4 iguanas
  11 orc wizards
  2 spriggan simulacra (IceCv)
  A polar bear simulacrum (IceCv)
  A wolf simulacrum (IceCv)
  9 adders
  6 gnolls
  A naga simulacrum (IceCv)
  6 river rats (Sewer)
  4 shadow imps
  2 white imps
  2 ufetubi (D:7)
  4 worms
  17 orcs
  8 ball pythons
  6 bats
  6 endoplasms
  4 giant cockroaches
  4 goblins
  11 hobgoblins
  7 jackals
  28 kobolds
  6 quokkas
  3 training dummies (D:4)
  7 frilled lizards
  17 rats
260 creatures vanquished.

Vanquished Creatures (collateral kills)
  A two-headed ogre (D:9)
  A cyclops (D:11)
  An ice devil (D:11)
  A shadow (D:9)
  2 yaks (D:10)
  A water moccasin (D:9)
  A sky beast (D:8)
  A necrophage (D:8)
  A scorpion (D:9)
  An orc priest (D:9)
  3 orc wizards
  A gnoll (D:10)
  2 orcs
17 creatures vanquished.

Vanquished Creatures (others)
  3 orc warriors (D:9)
  A black bear (D:5)
  A killer bee (D:9)
  A hound (D:5)
  An orc priest (D:5)
  2 orc wizards (D:5)
  An adder (D:5)
  5 orcs
  24 fungi (D:9)
  23 plants (D:9)
62 creatures vanquished.

Grand Total: 339 creatures vanquished

Notes
Turn   | Place    | Note
-------+----------+-------------------------------------------
     0 | D:1      | Patoropollo the Hill Orc Fighter began the quest for the
                  | Orb.
     0 | D:1      | Reached XP level 1. HP: 19/19 MP: 1/1
   181 | D:1      | Reached XP level 2. HP: 21/27 MP: 2/2
   186 | D:1      | Reached skill level 3 in Axes
   356 | D:1      | Found a faded altar of an unknown god.
   514 | D:1      | Found Kifomu Zetau's Assorted Antiques.
   844 | D:1      | Reached XP level 3. HP: 33/33 MP: 3/3
   992 | D:2      | Noticed Sigmund
  1002 | D:2      | Killed Sigmund
  1003 | D:2      | Reached skill level 4 in Axes
  1003 | D:2      | Reached XP level 4. HP: 39/41 MP: 4/4
  1003 | D:2      | Reached XP level 5. HP: 45/47 MP: 5/5
  1511 | D:2      | Reached skill level 5 in Fighting
  1676 | D:2      | Found a shimmering blue altar of Sif Muna.
  1693 | D:2      | Reached XP level 6. HP: 56/56 MP: 6/6
  2306 | D:3      | Found an ornate altar of the Wu Jian Council.
  3448 | D:4      | Found Nirph's Weapon Shoppe.
  3457 | D:4      | Found Ewuxet's Firing Range.
  3650 | D:5      | Entered Level 5 of the Dungeon
  3674 | D:5      | Noticed Duvessa
  3674 | D:5      | Noticed Dowan
  3676 | D:5      | Became a worshipper of Beogh the Brigand
  3684 | D:5      | Killed Duvessa
  3685 | D:5      | Reached skill level 5 in Axes
  3685 | D:5      | Reached skill level 5 in Armour
  3685 | D:5      | Reached skill level 5 in Shields
  3685 | D:5      | Reached XP level 7. HP: 55/61 MP: 7/7
  3697 | D:5      | Killed Dowan
  3780 | D:5      | Noticed Pikel
  3801 | D:5      | Killed Pikel
  3802 | D:5      | Reached skill level 6 in Axes
  3802 | D:5      | Reached XP level 8. HP: 40/71 MP: 8/8
  3834 | D:5      | Identified the ring of Pyfiorogg {rF+ EV+4 Dex+2 Slay+3}
  3913 | D:5      | Found a glowing drain.
  3930 | Sewer    | Entered a sewer
  3960 | Sewer    | Reached skill level 7 in Axes
  3972 | Sewer    | Reached * piety under Beogh
  4184 | Sewer    | Reached ** piety under Beogh
  4470 | Sewer    | Identified a scroll of acquirement
  4470 | Sewer    | Acquired 554 gold pieces
  4797 | D:6      | Found a broken altar of Ashenzari.
  4861 | D:6      | Reached XP level 9. HP: 48/79 MP: 9/9
  4998 | D:6      | Found a white marble altar of Elyvilon.
  5085 | D:6      | Found a shadowy altar of Dithmenos.
  5098 | D:6      | Reached skill level 8 in Axes
  5158 | D:6      | Found a shimmering altar of Xom.
  5214 | D:6      | Found a glowing golden altar of the Shining One.
  5872 | D:7      | Found a staircase to the Ecumenical Temple.
  5880 | D:7      | Found a hazy altar of Hepliaklqana.
  5943 | D:7      | Reached *** piety under Beogh
  6349 | D:7      | Reached skill level 9 in Axes
  6392 | D:7      | Noticed a troll
  6392 | D:7      | Noticed a boulder beetle
  6402 | D:7      | Noticed a deep elf pyromancer
  6404 | D:7      | Reached XP level 10. HP: 84/91 MP: 10/10
  6409 | D:7      | Noticed a gargoyle
  6434 | D:7      | Killed a boulder beetle
  6445 | D:7      | Killed a gargoyle
  6446 | D:7      | Reached skill level 10 in Axes
  6461 | D:7      | Killed a deep elf pyromancer
  6706 | D:8      | Reached skill level 10 in Fighting
  6856 | D:8      | Found a stormy altar of Qazlal.
  6882 | D:8      | Found a shimmering blue altar of Sif Muna.
  6942 | D:8      | Found an ancient bone altar of Kikubaaqudgha.
  7275 | D:9      | Noticed a two-headed ogre
  7282 | D:9      | Noticed a two-headed ogre
  7286 | D:9      | Killed a two-headed ogre
  7294 | D:9      | Reached **** piety under Beogh
  7300 | D:9      | Killed a two-headed ogre
  7301 | D:9      | Reached skill level 11 in Axes
  7301 | D:9      | Reached XP level 11. HP: 40/101 MP: 11/11
  7307 | D:9      | Found a staircase to the Lair.
  7402 | D:9      | Noticed a centaur warrior
  7407 | D:9      | Noticed brmiller01's ghost (novice TrBe)
  7410 | D:9      | Found a transporter.
  7421 | D:9      | Found a transporter.
  7469 | D:9      | Reached skill level 10 in Shields
  7470 | D:9      | Reached skill level 10 in Armour
  7478 | D:9      | Gained Oruk as an ally
  7487 | D:9      | Found a staircase to the Orcish Mines.
  7750 | D:10     | Entered Level 10 of the Dungeon
  7999 | D:10     | Found a bloodstained altar of Trog.
  8149 | D:10     | Found a snail-covered altar of Cheibriados.
  8242 | D:10     | Found a burning altar of Makhleb.
  8289 | D:10     | Found a glowing silver altar of Zin.
  8289 | D:10     | Noticed an angel
  8574 | D:11     | Noticed pokeman's ghost (journeyman DEWz)
  8576 | D:11     | Noticed a minotaur
  8639 | D:11     | Found a frozen archway.
  8654 | D:11     | Reached skill level 12 in Axes
  8699 | D:11     | Noticed a cyclops
  8708 | D:11     | Killed a cyclops
  8752 | IceCv    | Entered an ice cave
  8980 | IceCv    | HP: 1/103 [ice devil (10)]
  8980 | IceCv    | Annihilated by an ice devil

Illustrated notes

Levels and vault maps discovered:
D:1:      dpeg_arrival_solitude, layout_basic,
          shapermc_ecumenical_altar_starsandcircs, serial_shops,
          nicolae_shop_temple_entry_statues_fountains
D:2:      layout_loops_corners, basic_altar, uniq_sigmund
D:3:      layout_basic, kennysheep_flooded_box
D:4:      layout_basic, minivault_19, nicolae_stop_n_shop_1,
          nicolae_shop_firing_range
D:5:      layout_rooms, cheibrodos_sewer_entry_bend, uniq_duvessa, uniq_pikel
D:6:      layout_loops_cross, nicolae_dithmenos_the_darkroom,
          lemuel_crystal_altar, ashenzari_altar_1, kennysheep_mini_moat,
          nicolae_tso_carved_into_rock, minivault_19, corner_web_ring,
          chequers_serial_rivers_small_3, hangedman_abyss_or_decor_stagger
D:7:      minmay_chambers_of_sevens, layout_loops_ring,
          overflow_temple_1_default, temple_pool_b, palyth_stone_intersect
D:8:      layout_loops_ring, mainiacjoe_overflow_catch_the_wave,
          grunt_qazlal_clouds, chequers_decorated_corner
D:9:      layout_rooms, due_lair_maze_entry_diamond, nzn_ghost_randoct
D:10:     layout_roguey, mainiacjoe_overflow_tiny_flanked, bloody_trog,
          mainiacjoe_overflow_six_doors_small, zin_angel, minivault_5
D:11:     layout_loops_corners, portal_ice_cave_demonic_guard,
          maelrawn_ghost_gauntlet_escape, nicolae_trove_entry_diagonal
IceCv:    ice_cave_small_necro

Skill      XL: |  1  2  3  4  5  6  7  8  9 10 11 |
---------------+----------------------------------+-----
Axes           | 3 4 5 6 7 9 11 12 | 12.2
Fighting       | 4 5 6 7 9 10 11 | 11.6
Armour         | 4 5 6 8 9 10 | 10.6
Shields        | 4 5 6 8 9 10 | 10.6

Action                   |  1- 3 |  4- 6 |  7- 9 | 10-12 || total
-------------------------+-------+-------+-------+-------++-------
Melee: War axe           |    70 |   164 |   234 |       ||   468
       Hand axe          |       |       |    49 |   253 ||   302
Invok: Convert to Beogh  |       |     1 |       |       ||     1
  Use: Scroll            |       |    12 |     5 |     8 ||    25
       Potion            |       |       |       |     1 ||     1
 Stab: Distracted        |       |       |       |     5 ||     5
       Paralysed         |       |       |       |     1 ||     1
Armor: Scale mail        |    36 |    84 |       |       ||   120
       Plate armour      |       |    19 |   179 |    90 ||   288
Dodge: Dodged            |    39 |    82 |   133 |   103 ||   357
Block: Buckler           |    21 |    31 |    78 |    56 ||   186

Table legend: (Time is in decaauts)
 A = Elapsed time spent in this place.
 B = Non-inter-level travel time spent in this place.
 C = Inter-level travel time spent in this place.
 D = Time resting spent in this place.
 E = Time spent auto-exploring this place.
 F = Levels seen in this place.
 G = Mean time per level.
                   A        B        C        D        E       F      G
               +--------+--------+--------+--------+--------+-----+--------+
         Total |   9080 |   8739 |    341 |      0 |   6965 |  13 |  698.5 |
       Dungeon |   8269 |   7928 |    341 |      0 |   6389 |  11 |  751.7 |
         Sewer |    593 |    593 |      0 |      0 |    416 |   1 |  593.0 |
      Ice Cave |    217 |    217 |      0 |      0 |    159 |   1 |  217.0 |
               +--------+--------+--------+--------+--------+-----+--------+

Top non-repeatable levels by time:
     D:2: 1172 daAuts
     D:7: 1118 daAuts
     D:1: 996 daAuts
     D:6: 847 daAuts
     D:3: 808 daAuts
    D:10: 750 daAuts
     D:4: 746 daAuts
   Sewer: 593 daAuts
     D:5: 560 daAuts
     D:8: 556 daAuts
     D:9: 477 daAuts
    D:11: 234 daAuts
   IceCv: 217 daAuts
